 Dungeon Crawl Stone Soup version 0.29-a0-398-ge13fd1374b (webtiles) character file.

Game seed: 11861188377583012840

9 zishaf the Gusty (level 2, 0/16 HPs)
             Began as a Tengu Air Elementalist on May 12, 2022.
             Slain by a jackal (1 damage)
             ... on level 1 of the Dungeon.
             The game lasted 00:01:53 (665 turns).

zishaf the Gusty (Tengu Air Elementalist)            Turns: 665, Time: 00:01:54

Health: 0/16       AC:  2    Str:  8    XL:     2   Next: 16%
Magic:  0/6        EV: 12    Int: 15    God:
Gold:   40         SH:  0    Dex: 14    Spells: 2/5 levels left

rFire   . . .      SeeInvis .   (no weapon)
rCold   . . .      Faith    .   (no shield)
rNeg    . . .      Spirit   .   a - +0 robe
rPois   .          Reflect  .   (helmet restricted)
rElec   .          Harm     .   (no cloak)
rCorr   .          Rampage  .   (no gloves)
Will    .....                   (boots unavailable)
Stlth   ++........              (no amulet)
HPRegen 0.05/turn               (no ring)
MPRegen 0.10/turn               (no ring)

@: very slightly contaminated
A: beak, talons 3
a: no special abilities


You were on level 1 of the Dungeon.
You visited 1 branch of the dungeon, and saw 1 of its levels.

You collected 40 gold pieces.

Inventory:

Missiles
 c - 4 javelins (quivered)
Armour
 a - a +0 robe (worn)
Scrolls
 d - a scroll of noise {unknown}
 f - a scroll of immolation {unknown}
 g - a scroll of identify {unknown}
 h - a scroll of enchant armour {unknown}
Potions
 b - a potion of magic
 e - a potion of heal wounds {unknown}
 i - a potion of flight {unknown}
 j - a potion of degeneration {unknown}


   Skills:
 + Level 0.5 Fighting
 - Level 2.1 Dodging
 - Level 2.0 Stealth
 - Level 2.0 Spellcasting
 * Level 2.1 Conjurations
 * Level 4.3 Air Magic


You had 2 spell levels left.
You knew the following spells:

 Your Spells              Type           Power      Damage    Failure   Level
a - Shock                 Conj/Air       44%        1d5       6%          1
b - Static Discharge      Conj/Air       11%        N/A       9%          2

Your spell library contained the following spells:

 Spells                   Type           Power      Damage    Failure   Level
 Swiftness                Air            14%        N/A       11%         3
 Airstrike                Air            7%         N/A       36%         4


Dungeon Overview and Level Annotations

Branches:
Dungeon (1/15)

Altars:


Innate Abilities, Weirdness & Mutations

You have a beak for a mouth.
You have claws for feet.


Message History

Aiming: Shock (safe; 6% risk of failure)
Press: ? - help, Shift-Dir - straight line The zap hits the jackal.
The jackal is moderately wounded.
The zap hits the jackal.
The jackal is heavily wounded.
The jackal misses you. The jackal bites you.
Casting: Shock (safe; 6% risk of failure)
Confirm with . or Enter, or press ? or * to list all spells.
Aiming: Shock (safe; 6% risk of failure)
Press: ? - help, Shift-Dir - straight line The zap hits the jackal but does no damage.
The jackal is moderately wounded.
The zap misses the jackal.
The jackal barely misses you. The jackal bites you.
Unknown command.
Casting: Shock (safe; 6% risk of failure)
Confirm with . or Enter, or press ? or * to list all spells.
Aiming: Shock (safe; 6% risk of failure)
Press: ? - help, Shift-Dir - straight line The zap hits the jackal.
The jackal is almost dead.
The zap misses the jackal.
The jackal closely misses you. The jackal bites you.
* * * LOW HITPOINT WARNING * * *
The jackal bites you.
* * * LOW HITPOINT WARNING * * *
The jackal bites you.
* * * LOW HITPOINT WARNING * * *
Casting: Shock (safe; 6% risk of failure)
Confirm with . or Enter, or press ? or * to list all spells.
Aiming: Shock (safe; 6% risk of failure)
Press: ? - help, Shift-Dir - straight line The zap misses the jackal.
The zap hits the jackal.
You kill the jackal!
The jackal barely misses you. The jackal misses you.
Unknown command.
You barely miss the jackal. You peck the jackal. Your punch misses the jackal.
The jackal is almost dead.
The jackal bites you but does no damage. x2
The jackal bites you.
You die...

#############
#@h....>....#
#h#########.# #.# #.#
#†#########.#
.(.hh.(.##.....##.#
##########.###.##.######
### #.#........
#.#########
#####..........


You could see 2 jackals.

Vanquished Creatures
  A bat (D:1)
  3 endoplasms (D:1)
  2 jackals (D:1)
  2 rats (D:1)
8 creatures vanquished.

Notes
Turn   | Place    | Note
-------+----------+-------------------------------------------
     0 | D:1      | zishaf the Tengu Air Elementalist began the quest for the
                  | Orb.
     0 | D:1      | Reached XP level 1. HP: 10/10 MP: 4/4
   430 | D:1      | Reached XP level 2. HP: 16/16 MP: 6/6
   433 | D:1      | Learned a level 2 spell: Static Discharge
   450 | D:1      | Found a faded altar of an unknown god.
   665 | D:1      | Slain by a jackal

Illustrated notes

Levels and vault maps discovered:
D:1:      ebering_trefoil_3fold, layout_basic,
          hellmonk_ecumenical_altar_leap_of_faith

Skill      XL: |  1 |
---------------+----+-----
Conjurations   | 2 |  2.1
Fighting       | |  0.5
Dodging        | |  2.1
Stealth        | |  2.0
Spellcasting   | |  2.0
Air Magic      | |  4.3

Action                   || total
-------------------------++-------
Melee: Unarmed           ||     1
       Peck              ||     1
Throw: Javelin           ||    13
 Cast: Shock             ||     6
Armor: Robe              ||     3
Dodge: Dodged            ||    12

Table legend: (Time is in decaauts)
 A = Elapsed time spent in this place.
 B = Non-inter-level travel time spent in this place.
 C = Inter-level travel time spent in this place.
 D = Time resting spent in this place.
 E = Time spent auto-exploring this place.
 F = Levels seen in this place.
 G = Mean time per level.
                   A        B        C        D        E       F      G
               +--------+--------+--------+--------+--------+-----+--------+
         Total |    671 |    671 |      0 |      0 |    604 |   1 |  671.0 |
       Dungeon |    671 |    671 |      0 |      0 |    604 |   1 |  671.0 |
               +--------+--------+--------+--------+--------+-----+--------+

Top non-repeatable levels by time:
     D:1: 671 daAuts
